Workbook

Sheet Data
A1: OrderID | B1: Date | C1: Year | D1: Quarter | E1: Month | F1: Region | G1: Segment | H1: Channel | I1: Category | J1: Product | K1: SalesRep | L1: Units | M1: UnitPrice | N1: Revenue | O1: Cost | P1: Profit | Q1: Margin
A2: ORD-1000 | B2: 45619 | C2: 2024 | D2: Q4 | E2: Nov | F2: South | G2: SMB | H2: Self-serve | I2: Subscriptions | J2: Starter | K2: A. Rao | L2: 48 | M2: 905.06 | N2: =L2*M2 | O2: =N2*0.247 | P2: =N2-O2 | Q2: =IF(N2=0,0,P2/N2)
A3: ORD-1001 | B3: 45571 | C3: 2024 | D3: Q4 | E3: Oct | F3: North | G3: SMB | H3: Direct | I3: Subscriptions | J3: Enterprise | K3: E. Nair | L3: 28 | M3: 369.92 | N3: =L3*M3 | O3: =N3*0.269 | P3: =N3-O3 | Q3: =IF(N3=0,0,P3/N3)
A4: ORD-1002 | B4: 45579 | C4: 2024 | D4: Q4 | E4: Oct | F4: West | G4: SMB | H4: Partner | I4: Subscriptions | J4: Enterprise | K4: E. Nair | L4: 42 | M4: 1842.91 | N4: =L4*M4 | O4: =N4*0.367 | P4: =N4-O4 | Q4: =IF(N4=0,0,P4/N4)
A5: ORD-1003 | B5: 45295 | C5: 2024 | D5: Q1 | E5: Jan | F5: South | G5: SMB | H5: Partner | I5: Subscriptions | J5: Enterprise | K5: A. Rao | L5: 28 | M5: 1048.55 | N5: =L5*M5 | O5: =N5*0.422 | P5: =N5-O5 | Q5: =IF(N5=0,0,P5/N5)
A6: ORD-1004 | B6: 45341 | C6: 2024 | D6: Q1 | E6: Feb | F6: North | G6: Enterprise | H6: Partner | I6: Add-ons | J6: Support Plus | K6: E. Nair | L6: 39 | M6: 881.95 | N6: =L6*M6 | O6: =N6*0.413 | P6: =N6-O6 | Q6: =IF(N6=0,0,P6/N6)
A7: ORD-1005 | B7: 45485 | C7: 2024 | D7: Q3 | E7: Jul | F7: East | G7: Enterprise | H7: Direct | I7: Subscriptions | J7: Enterprise | K7: F. Shah | L7: 19 | M7: 2124.69 | N7: =L7*M7 | O7: =N7*0.429 | P7: =N7-O7 | Q7: =IF(N7=0,0,P7/N7)
A8: ORD-1006 | B8: 45630 | C8: 2024 | D8: Q4 | E8: Dec | F8: North | G8: Mid-Market | H8: Partner | I8: Subscriptions | J8: Pro | K8: D. Iyer | L8: 6 | M8: 2181.7 | N8: =L8*M8 | O8: =N8*0.259 | P8: =N8-O8 | Q8: =IF(N8=0,0,P8/N8)
A9: ORD-1007 | B9: 45478 | C9: 2024 | D9: Q3 | E9: Jul | F9: East | G9: Enterprise | H9: Self-serve | I9: Subscriptions | J9: Pro | K9: F. Shah | L9: 23 | M9: 760.92 | N9: =L9*M9 | O9: =N9*0.429 | P9: =N9-O9 | Q9: =IF(N9=0,0,P9/N9)
A10: ORD-1008 | B10: 45617 | C10: 2024 | D10: Q4 | E10: Nov | F10: West | G10: Mid-Market | H10: Partner | I10: Subscriptions | J10: Enterprise | K10: F. Shah | L10: 47 | M10: 838.58 | N10: =L10*M10 | O10: =N10*0.244 | P10: =N10-O10 | Q10: =IF(N10=0,0,P10/N10)
A11: ORD-1009 | B11: 45404 | C11: 2024 | D11: Q2 | E11: Apr | F11: South | G11: SMB | H11: Partner | I11: Services | J11: Training | K11: D. Iyer | L11: 50 | M11: 2007.2 | N11: =L11*M11 | O11: =N11*0.37 | P11: =N11-O11 | Q11: =IF(N11=0,0,P11/N11)
A12: ORD-1010 | B12: 45400 | C12: 2024 | D12: Q2 | E12: Apr | F12: West | G12: Enterprise | H12: Partner | I12: Services | J12: Training | K12: B. Khan | L12: 14 | M12: 1741.97 | N12: =L12*M12 | O12: =N12*0.371 | P12: =N12-O12 | Q12: =IF(N12=0,0,P12/N12)
A13: ORD-1011 | B13: 45418 | C13: 2024 | D13: Q2 | E13: May | F13: West | G13: Mid-Market | H13: Direct | I13: Services | J13: Training | K13: B. Khan | L13: 48 | M13: 1586.09 | N13: =L13*M13 | O13: =N13*0.297 | P13: =N13-O13 | Q13: =IF(N13=0,0,P13/N13)
A14: ORD-1012 | B14: 45338 | C14: 2024 | D14: Q1 | E14: Feb | F14: West | G14: Enterprise | H14: Direct | I14: Subscriptions | J14: Starter | K14: D. Iyer | L14: 10 | M14: 1680.38 | N14: =L14*M14 | O14: =N14*0.336 | P14: =N14-O14 | Q14: =IF(N14=0,0,P14/N14)
A15: ORD-1013 | B15: 45531 | C15: 2024 | D15: Q3 | E15: Aug | F15: North | G15: Enterprise | H15: Self-serve | I15: Services | J15: Training | K15: A. Rao | L15: 36 | M15: 2193.72 | N15: =L15*M15 | O15: =N15*0.245 | P15: =N15-O15 | Q15: =IF(N15=0,0,P15/N15)
A16: ORD-1014 | B16: 45566 | C16: 2024 | D16: Q4 | E16: Oct | F16: West | G16: SMB | H16: Partner | I16: Add-ons | J16: Extra Seats | K16: A. Rao | L16: 22 | M16: 545.41 | N16: =L16*M16 | O16: =N16*0.164 | P16: =N16-O16 | Q16: =IF(N16=0,0,P16/N16)
A17: ORD-1015 | B17: 45426 | C17: 2024 | D17: Q2 | E17: May | F17: East | G17: Enterprise | H17: Self-serve | I17: Services | J17: Onboarding | K17: E. Nair | L17: 33 | M17: 2307.78 | N17: =L17*M17 | O17: =N17*0.39 | P17: =N17-O17 | Q17: =IF(N17=0,0,P17/N17)
A18: ORD-1016 | B18: 45483 | C18: 2024 | D18: Q3 | E18: Jul | F18: North | G18: Enterprise | H18: Partner | I18: Subscriptions | J18: Enterprise | K18: D. Iyer | L18: 50 | M18: 2329.35 | N18: =L18*M18 | O18: =N18*0.444 | P18: =N18-O18 | Q18: =IF(N18=0,0,P18/N18)
A19: ORD-1017 | B19: 45477 | C19: 2024 | D19: Q3 | E19: Jul | F19: North | G19: SMB | H19: Self-serve | I19: Add-ons | J19: Analytics | K19: D. Iyer | L19: 4 | M19: 829.92 | N19: =L19*M19 | O19: =N19*0.205 | P19: =N19-O19 | Q19: =IF(N19=0,0,P19/N19)
A20: ORD-1018 | B20: 45564 | C20: 2024 | D20: Q3 | E20: Sep | F20: South | G20: Mid-Market | H20: Self-serve | I20: Subscriptions | J20: Starter | K20: E. Nair | L20: 43 | M20: 1345.62 | N20: =L20*M20 | O20: =N20*0.323 | P20: =N20-O20 | Q20: =IF(N20=0,0,P20/N20)
A21: ORD-1019 | B21: 45400 | C21: 2024 | D21: Q2 | E21: Apr | F21: East | G21: Mid-Market | H21: Self-serve | I21: Services | J21: Onboarding | K21: D. Iyer | L21: 46 | M21: 985.78 | N21: =L21*M21 | O21: =N21*0.414 | P21: =N21-O21 | Q21: =IF(N21=0,0,P21/N21)
A22: ORD-1020 | B22: 45407 | C22: 2024 | D22: Q2 | E22: Apr | F22: South | G22: Enterprise | H22: Direct | I22: Subscriptions | J22: Pro | K22: A. Rao | L22: 2 | M22: 1594.28 | N22: =L22*M22 | O22: =N22*0.429 | P22: =N22-O22 | Q22: =IF(N22=0,0,P22/N22)
A23: ORD-1021 | B23: 45615 | C23: 2024 | D23: Q4 | E23: Nov | F23: East | G23: SMB | H23: Self-serve | I23: Subscriptions | J23: Starter | K23: B. Khan | L23: 5 | M23: 2291.92 | N23: =L23*M23 | O23: =N23*0.366 | P23: =N23-O23 | Q23: =IF(N23=0,0,P23/N23)
A24: ORD-1022 | B24: 45540 | C24: 2024 | D24: Q3 | E24: Sep | F24: West | G24: SMB | H24: Partner | I24: Subscriptions | J24: Enterprise | K24: D. Iyer | L24: 9 | M24: 1891.38 | N24: =L24*M24 | O24: =N24*0.393 | P24: =N24-O24 | Q24: =IF(N24=0,0,P24/N24)
A25: ORD-1023 | B25: 45341 | C25: 2024 | D25: Q1 | E25: Feb | F25: West | G25: Enterprise | H25: Direct | I25: Services | J25: Training | K25: F. Shah | L25: 23 | M25: 1231.87 | N25: =L25*M25 | O25: =N25*0.254 | P25: =N25-O25 | Q25: =IF(N25=0,0,P25/N25)
A26: ORD-1024 | B26: 45622 | C26: 2024 | D26: Q4 | E26: Nov | F26: North | G26: SMB | H26: Direct | I26: Subscriptions | J26: Starter | K26: B. Khan | L26: 26 | M26: 1902.07 | N26: =L26*M26 | O26: =N26*0.289 | P26: =N26-O26 | Q26: =IF(N26=0,0,P26/N26)
A27: ORD-1025 | B27: 45363 | C27: 2024 | D27: Q1 | E27: Mar | F27: North | G27: Mid-Market | H27: Self-serve | I27: Add-ons | J27: Analytics | K27: A. Rao | L27: 18 | M27: 1317.78 | N27: =L27*M27 | O27: =N27*0.435 | P27: =N27-O27 | Q27: =IF(N27=0,0,P27/N27)
A28: ORD-1026 | B28: 45568 | C28: 2024 | D28: Q4 | E28: Oct | F28: South | G28: Mid-Market | H28: Partner | I28: Subscriptions | J28: Starter | K28: D. Iyer | L28: 49 | M28: 2167.13 | N28: =L28*M28 | O28: =N28*0.386 | P28: =N28-O28 | Q28: =IF(N28=0,0,P28/N28)
A29: ORD-1027 | B29: 45497 | C29: 2024 | D29: Q3 | E29: Jul | F29: West | G29: Mid-Market | H29: Partner | I29: Subscriptions | J29: Starter | K29: C. Mehta | L29: 25 | M29: 304.74 | N29: =L29*M29 | O29: =N29*0.323 | P29: =N29-O29 | Q29: =IF(N29=0,0,P29/N29)
A30: ORD-1028 | B30: 45576 | C30: 2024 | D30: Q4 | E30: Oct | F30: South | G30: SMB | H30: Self-serve | I30: Services | J30: Training | K30: F. Shah | L30: 10 | M30: 717.78 | N30: =L30*M30 | O30: =N30*0.287 | P30: =N30-O30 | Q30: =IF(N30=0,0,P30/N30)
A31: ORD-1029 | B31: 45452 | C31: 2024 | D31: Q2 | E31: Jun | F31: South | G31: SMB | H31: Self-serve | I31: Subscriptions | J31: Starter | K31: A. Rao | L31: 38 | M31: 1348.93 | N31: =L31*M31 | O31: =N31*0.195 | P31: =N31-O31 | Q31: =IF(N31=0,0,P31/N31)
A32: ORD-1030 | B32: 45327 | C32: 2024 | D32: Q1 | E32: Feb | F32: West | G32: SMB | H32: Self-serve | I32: Services | J32: Onboarding | K32: B. Khan | L32: 44 | M32: 2196 | N32: =L32*M32 | O32: =N32*0.276 | P32: =N32-O32 | Q32: =IF(N32=0,0,P32/N32)
A33: ORD-1031 | B33: 45312 | C33: 2024 | D33: Q1 | E33: Jan | F33: East | G33: Mid-Market | H33: Direct | I33: Services | J33: Onboarding | K33: F. Shah | L33: 27 | M33: 1746.22 | N33: =L33*M33 | O33: =N33*0.235 | P33: =N33-O33 | Q33: =IF(N33=0,0,P33/N33)
A34: ORD-1032 | B34: 45414 | C34: 2024 | D34: Q2 | E34: May | F34: East | G34: Mid-Market | H34: Partner | I34: Add-ons | J34: Support Plus | K34: A. Rao | L34: 9 | M34: 1777.72 | N34: =L34*M34 | O34: =N34*0.447 | P34: =N34-O34 | Q34: =IF(N34=0,0,P34/N34)
A35: ORD-1033 | B35: 45610 | C35: 2024 | D35: Q4 | E35: Nov | F35: East | G35: SMB | H35: Partner | I35: Services | J35: Onboarding | K35: A. Rao | L35: 5 | M35: 1482.8 | N35: =L35*M35 | O35: =N35*0.186 | P35: =N35-O35 | Q35: =IF(N35=0,0,P35/N35)
A36: ORD-1034 | B36: 45481 | C36: 2024 | D36: Q3 | E36: Jul | F36: East | G36: Enterprise | H36: Self-serve | I36: Add-ons | J36: Analytics | K36: E. Nair | L36: 29 | M36: 2134.24 | N36: =L36*M36 | O36: =N36*0.448 | P36: =N36-O36 | Q36: =IF(N36=0,0,P36/N36)
A37: ORD-1035 | B37: 45575 | C37: 2024 | D37: Q4 | E37: Oct | F37: South | G37: Mid-Market | H37: Direct | I37: Add-ons | J37: Extra Seats | K37: A. Rao | L37: 7 | M37: 2365.65 | N37: =L37*M37 | O37: =N37*0.227 | P37: =N37-O37 | Q37: =IF(N37=0,0,P37/N37)
A38: ORD-1036 | B38: 45371 | C38: 2024 | D38: Q1 | E38: Mar | F38: East | G38: SMB | H38: Self-serve | I38: Add-ons | J38: Support Plus | K38: F. Shah | L38: 39 | M38: 763.39 | N38: =L38*M38 | O38: =N38*0.194 | P38: =N38-O38 | Q38: =IF(N38=0,0,P38/N38)
A39: ORD-1037 | B39: 45550 | C39: 2024 | D39: Q3 | E39: Sep | F39: West | G39: Mid-Market | H39: Direct | I39: Add-ons | J39: Support Plus | K39: A. Rao | L39: 4 | M39: 503.06 | N39: =L39*M39 | O39: =N39*0.35 | P39: =N39-O39 | Q39: =IF(N39=0,0,P39/N39)
A40: ORD-1038 | B40: 45358 | C40: 2024 | D40: Q1 | E40: Mar | F40: West | G40: Enterprise | H40: Direct | I40: Services | J40: Training | K40: A. Rao | L40: 11 | M40: 1930.71 | N40: =L40*M40 | O40: =N40*0.427 | P40: =N40-O40 | Q40: =IF(N40=0,0,P40/N40)
A41: ORD-1039 | B41: 45645 | C41: 2024 | D41: Q4 | E41: Dec | F41: South | G41: Mid-Market | H41: Direct | I41: Subscriptions | J41: Enterprise | K41: A. Rao | L41: 3 | M41: 2136.11 | N41: =L41*M41 | O41: =N41*0.358 | P41: =N41-O41 | Q41: =IF(N41=0,0,P41/N41)
A42: ORD-1040 | B42: 45312 | C42: 2024 | D42: Q1 | E42: Jan | F42: North | G42: Mid-Market | H42: Self-serve | I42: Add-ons | J42: Analytics | K42: D. Iyer | L42: 44 | M42: 848.97 | N42: =L42*M42 | O42: =N42*0.158 | P42: =N42-O42 | Q42: =IF(N42=0,0,P42/N42)
A43: ORD-1041 | B43: 45371 | C43: 2024 | D43: Q1 | E43: Mar | F43: North | G43: SMB | H43: Self-serve | I43: Subscriptions | J43: Starter | K43: C. Mehta | L43: 12 | M43: 2239.12 | N43: =L43*M43 | O43: =N43*0.215 | P43: =N43-O43 | Q43: =IF(N43=0,0,P43/N43)
A44: ORD-1042 | B44: 45502 | C44: 2024 | D44: Q3 | E44: Jul | F44: North | G44: Mid-Market | H44: Direct | I44: Services | J44: Onboarding | K44: D. Iyer | L44: 18 | M44: 650.24 | N44: =L44*M44 | O44: =N44*0.383 | P44: =N44-O44 | Q44: =IF(N44=0,0,P44/N44)
A45: ORD-1043 | B45: 45527 | C45: 2024 | D45: Q3 | E45: Aug | F45: South | G45: Mid-Market | H45: Partner | I45: Add-ons | J45: Support Plus | K45: C. Mehta | L45: 15 | M45: 790.43 | N45: =L45*M45 | O45: =N45*0.191 | P45: =N45-O45 | Q45: =IF(N45=0,0,P45/N45)
A46: ORD-1044 | B46: 45434 | C46: 2024 | D46: Q2 | E46: May | F46: East | G46: SMB | H46: Direct | I46: Add-ons | J46: Extra Seats | K46: C. Mehta | L46: 33 | M46: 1179.29 | N46: =L46*M46 | O46: =N46*0.396 | P46: =N46-O46 | Q46: =IF(N46=0,0,P46/N46)
A47: ORD-1045 | B47: 45427 | C47: 2024 | D47: Q2 | E47: May | F47: East | G47: Mid-Market | H47: Self-serve | I47: Subscriptions | J47: Starter | K47: E. Nair | L47: 39 | M47: 1256.04 | N47: =L47*M47 | O47: =N47*0.415 | P47: =N47-O47 | Q47: =IF(N47=0,0,P47/N47)
A48: ORD-1046 | B48: 45587 | C48: 2024 | D48: Q4 | E48: Oct | F48: North | G48: Enterprise | H48: Self-serve | I48: Subscriptions | J48: Pro | K48: F. Shah | L48: 3 | M48: 1859.33 | N48: =L48*M48 | O48: =N48*0.234 | P48: =N48-O48 | Q48: =IF(N48=0,0,P48/N48)
A49: ORD-1047 | B49: 45635 | C49: 2024 | D49: Q4 | E49: Dec | F49: East | G49: Enterprise | H49: Partner | I49: Subscriptions | J49: Pro | K49: F. Shah | L49: 28 | M49: 453.94 | N49: =L49*M49 | O49: =N49*0.196 | P49: =N49-O49 | Q49: =IF(N49=0,0,P49/N49)
A50: ORD-1048 | B50: 45445 | C50: 2024 | D50: Q2 | E50: Jun | F50: West | G50: Enterprise | H50: Partner | I50: Services | J50: Training | K50: E. Nair | L50: 43 | M50: 1198.46 | N50: =L50*M50 | O50: =N50*0.412 | P50: =N50-O50 | Q50: =IF(N50=0,0,P50/N50)
A51: ORD-1049 | B51: 45507 | C51: 2024 | D51: Q3 | E51: Aug | F51: South | G51: Enterprise | H51: Self-serve | I51: Services | J51: Training | K51: C. Mehta | L51: 44 | M51: 1945.9 | N51: =L51*M51 | O51: =N51*0.328 | P51: =N51-O51 | Q51: =IF(N51=0,0,P51/N51)
A52: ORD-1050 | B52: 45292 | C52: 2024 | D52: Q1 | E52: Jan | F52: East | G52: Mid-Market | H52: Partner | I52: Add-ons | J52: Support Plus | K52: D. Iyer | L52: 14 | M52: 1245.75 | N52: =L52*M52 | O52: =N52*0.247 | P52: =N52-O52 | Q52: =IF(N52=0,0,P52/N52)
A53: ORD-1051 | B53: 45553 | C53: 2024 | D53: Q3 | E53: Sep | F53: East | G53: Enterprise | H53: Self-serve | I53: Add-ons | J53: Extra Seats | K53: F. Shah | L53: 11 | M53: 1749.47 | N53: =L53*M53 | O53: =N53*0.264 | P53: =N53-O53 | Q53: =IF(N53=0,0,P53/N53)
A54: ORD-1052 | B54: 45339 | C54: 2024 | D54: Q1 | E54: Feb | F54: South | G54: SMB | H54: Direct | I54: Subscriptions | J54: Enterprise | K54: A. Rao | L54: 20 | M54: 794.21 | N54: =L54*M54 | O54: =N54*0.377 | P54: =N54-O54 | Q54: =IF(N54=0,0,P54/N54)
A55: ORD-1053 | B55: 45535 | C55: 2024 | D55: Q3 | E55: Aug | F55: South | G55: Enterprise | H55: Self-serve | I55: Services | J55: Onboarding | K55: D. Iyer | L55: 30 | M55: 1211.77 | N55: =L55*M55 | O55: =N55*0.302 | P55: =N55-O55 | Q55: =IF(N55=0,0,P55/N55)
A56: ORD-1054 | B56: 45416 | C56: 2024 | D56: Q2 | E56: May | F56: North | G56: Mid-Market | H56: Direct | I56: Subscriptions | J56: Enterprise | K56: B. Khan | L56: 45 | M56: 312.2 | N56: =L56*M56 | O56: =N56*0.209 | P56: =N56-O56 | Q56: =IF(N56=0,0,P56/N56)
A57: ORD-1055 | B57: 45648 | C57: 2024 | D57: Q4 | E57: Dec | F57: North | G57: Mid-Market | H57: Direct | I57: Services | J57: Training | K57: D. Iyer | L57: 4 | M57: 1526.29 | N57: =L57*M57 | O57: =N57*0.25 | P57: =N57-O57 | Q57: =IF(N57=0,0,P57/N57)
A58: ORD-1056 | B58: 45578 | C58: 2024 | D58: Q4 | E58: Oct | F58: West | G58: Enterprise | H58: Partner | I58: Services | J58: Training | K58: B. Khan | L58: 49 | M58: 2261.14 | N58: =L58*M58 | O58: =N58*0.227 | P58: =N58-O58 | Q58: =IF(N58=0,0,P58/N58)
A59: ORD-1057 | B59: 45535 | C59: 2024 | D59: Q3 | E59: Aug | F59: East | G59: Enterprise | H59: Partner | I59: Add-ons | J59: Support Plus | K59: F. Shah | L59: 49 | M59: 843.93 | N59: =L59*M59 | O59: =N59*0.378 | P59: =N59-O59 | Q59: =IF(N59=0,0,P59/N59)
A60: ORD-1058 | B60: 45517 | C60: 2024 | D60: Q3 | E60: Aug | F60: East | G60: Mid-Market | H60: Self-serve | I60: Subscriptions | J60: Enterprise | K60: A. Rao | L60: 19 | M60: 815.89 | N60: =L60*M60 | O60: =N60*0.408 | P60: =N60-O60 | Q60: =IF(N60=0,0,P60/N60)
A61: ORD-1059 | B61: 45410 | C61: 2024 | D61: Q2 | E61: Apr | F61: North | G61: Mid-Market | H61: Partner | I61: Add-ons | J61: Extra Seats | K61: C. Mehta | L61: 10 | M61: 1854.12 | N61: =L61*M61 | O61: =N61*0.287 | P61: =N61-O61 | Q61: =IF(N61=0,0,P61/N61)
A62: ORD-1060 | B62: 45504 | C62: 2024 | D62: Q3 | E62: Jul | F62: North | G62: Enterprise | H62: Partner | I62: Subscriptions | J62: Starter | K62: D. Iyer | L62: 27 | M62: 1156.85 | N62: =L62*M62 | O62: =N62*0.448 | P62: =N62-O62 | Q62: =IF(N62=0,0,P62/N62)
A63: ORD-1061 | B63: 45472 | C63: 2024 | D63: Q2 | E63: Jun | F63: South | G63: Mid-Market | H63: Direct | I63: Add-ons | J63: Support Plus | K63: C. Mehta | L63: 27 | M63: 1484.09 | N63: =L63*M63 | O63: =N63*0.319 | P63: =N63-O63 | Q63: =IF(N63=0,0,P63/N63)
A64: ORD-1062 | B64: 45306 | C64: 2024 | D64: Q1 | E64: Jan | F64: West | G64: Enterprise | H64: Direct | I64: Add-ons | J64: Support Plus | K64: D. Iyer | L64: 43 | M64: 1794.11 | N64: =L64*M64 | O64: =N64*0.174 | P64: =N64-O64 | Q64: =IF(N64=0,0,P64/N64)
A65: ORD-1063 | B65: 45610 | C65: 2024 | D65: Q4 | E65: Nov | F65: North | G65: SMB | H65: Self-serve | I65: Services | J65: Onboarding | K65: D. Iyer | L65: 26 | M65: 1602.16 | N65: =L65*M65 | O65: =N65*0.409 | P65: =N65-O65 | Q65: =IF(N65=0,0,P65/N65)
A66: ORD-1064 | B66: 45528 | C66: 2024 | D66: Q3 | E66: Aug | F66: South | G66: Mid-Market | H66: Partner | I66: Subscriptions | J66: Starter | K66: C. Mehta | L66: 17 | M66: 1134.03 | N66: =L66*M66 | O66: =N66*0.222 | P66: =N66-O66 | Q66: =IF(N66=0,0,P66/N66)
A67: ORD-1065 | B67: 45486 | C67: 2024 | D67: Q3 | E67: Jul | F67: West | G67: SMB | H67: Self-serve | I67: Add-ons | J67: Support Plus | K67: E. Nair | L67: 17 | M67: 2136.8 | N67: =L67*M67 | O67: =N67*0.434 | P67: =N67-O67 | Q67: =IF(N67=0,0,P67/N67)
A68: ORD-1066 | B68: 45471 | C68: 2024 | D68: Q2 | E68: Jun | F68: North | G68: SMB | H68: Direct | I68: Subscriptions | J68: Enterprise | K68: B. Khan | L68: 5 | M68: 2018.71 | N68: =L68*M68 | O68: =N68*0.198 | P68: =N68-O68 | Q68: =IF(N68=0,0,P68/N68)
A69: ORD-1067 | B69: 45610 | C69: 2024 | D69: Q4 | E69: Nov | F69: North | G69: Enterprise | H69: Direct | I69: Subscriptions | J69: Starter | K69: D. Iyer | L69: 9 | M69: 1341.83 | N69: =L69*M69 | O69: =N69*0.24 | P69: =N69-O69 | Q69: =IF(N69=0,0,P69/N69)
A70: ORD-1068 | B70: 45480 | C70: 2024 | D70: Q3 | E70: Jul | F70: North | G70: SMB | H70: Partner | I70: Subscriptions | J70: Enterprise | K70: A. Rao | L70: 39 | M70: 2420.22 | N70: =L70*M70 | O70: =N70*0.276 | P70: =N70-O70 | Q70: =IF(N70=0,0,P70/N70)
A71: ORD-1069 | B71: 45451 | C71: 2024 | D71: Q2 | E71: Jun | F71: South | G71: SMB | H71: Self-serve | I71: Services | J71: Training | K71: F. Shah | L71: 26 | M71: 2371.24 | N71: =L71*M71 | O71: =N71*0.201 | P71: =N71-O71 | Q71: =IF(N71=0,0,P71/N71)
A72: ORD-1070 | B72: 45416 | C72: 2024 | D72: Q2 | E72: May | F72: North | G72: Enterprise | H72: Direct | I72: Subscriptions | J72: Enterprise | K72: C. Mehta | L72: 50 | M72: 963.48 | N72: =L72*M72 | O72: =N72*0.29 | P72: =N72-O72 | Q72: =IF(N72=0,0,P72/N72)
A73: ORD-1071 | B73: 45630 | C73: 2024 | D73: Q4 | E73: Dec | F73: North | G73: Mid-Market | H73: Partner | I73: Add-ons | J73: Analytics | K73: A. Rao | L73: 33 | M73: 1724.6 | N73: =L73*M73 | O73: =N73*0.32 | P73: =N73-O73 | Q73: =IF(N73=0,0,P73/N73)
A74: ORD-1072 | B74: 45477 | C74: 2024 | D74: Q3 | E74: Jul | F74: South | G74: Enterprise | H74: Self-serve | I74: Services | J74: Training | K74: F. Shah | L74: 46 | M74: 636.58 | N74: =L74*M74 | O74: =N74*0.369 | P74: =N74-O74 | Q74: =IF(N74=0,0,P74/N74)
A75: ORD-1073 | B75: 45567 | C75: 2024 | D75: Q4 | E75: Oct | F75: East | G75: Mid-Market | H75: Direct | I75: Add-ons | J75: Support Plus | K75: A. Rao | L75: 28 | M75: 2116.62 | N75: =L75*M75 | O75: =N75*0.366 | P75: =N75-O75 | Q75: =IF(N75=0,0,P75/N75)
A76: ORD-1074 | B76: 45522 | C76: 2024 | D76: Q3 | E76: Aug | F76: West | G76: Mid-Market | H76: Direct | I76: Subscriptions | J76: Pro | K76: D. Iyer | L76: 37 | M76: 1642.73 | N76: =L76*M76 | O76: =N76*0.195 | P76: =N76-O76 | Q76: =IF(N76=0,0,P76/N76)
A77: ORD-1075 | B77: 45385 | C77: 2024 | D77: Q2 | E77: Apr | F77: East | G77: Mid-Market | H77: Self-serve | I77: Add-ons | J77: Analytics | K77: F. Shah | L77: 23 | M77: 2055.23 | N77: =L77*M77 | O77: =N77*0.186 | P77: =N77-O77 | Q77: =IF(N77=0,0,P77/N77)
A78: ORD-1076 | B78: 45576 | C78: 2024 | D78: Q4 | E78: Oct | F78: West | G78: Mid-Market | H78: Self-serve | I78: Subscriptions | J78: Enterprise | K78: B. Khan | L78: 13 | M78: 488.35 | N78: =L78*M78 | O78: =N78*0.243 | P78: =N78-O78 | Q78: =IF(N78=0,0,P78/N78)
A79: ORD-1077 | B79: 45622 | C79: 2024 | D79: Q4 | E79: Nov | F79: North | G79: Mid-Market | H79: Direct | I79: Services | J79: Training | K79: D. Iyer | L79: 29 | M79: 2044.45 | N79: =L79*M79 | O79: =N79*0.242 | P79: =N79-O79 | Q79: =IF(N79=0,0,P79/N79)
A80: ORD-1078 | B80: 45448 | C80: 2024 | D80: Q2 | E80: Jun | F80: East | G80: Mid-Market | H80: Self-serve | I80: Services | J80: Training | K80: E. Nair | L80: 31 | M80: 1517.64 | N80: =L80*M80 | O80: =N80*0.351 | P80: =N80-O80 | Q80: =IF(N80=0,0,P80/N80)
A81: ORD-1079 | B81: 45651 | C81: 2024 | D81: Q4 | E81: Dec | F81: North | G81: Enterprise | H81: Direct | I81: Add-ons | J81: Support Plus | K81: C. Mehta | L81: 20 | M81: 853.09 | N81: =L81*M81 | O81: =N81*0.414 | P81: =N81-O81 | Q81: =IF(N81=0,0,P81/N81)
A82: ORD-1080 | B82: 45566 | C82: 2024 | D82: Q4 | E82: Oct | F82: West | G82: Mid-Market | H82: Self-serve | I82: Services | J82: Onboarding | K82: E. Nair | L82: 13 | M82: 776.05 | N82: =L82*M82 | O82: =N82*0.157 | P82: =N82-O82 | Q82: =IF(N82=0,0,P82/N82)
A83: ORD-1081 | B83: 45560 | C83: 2024 | D83: Q3 | E83: Sep | F83: East | G83: SMB | H83: Partner | I83: Services | J83: Training | K83: B. Khan | L83: 7 | M83: 2131.78 | N83: =L83*M83 | O83: =N83*0.359 | P83: =N83-O83 | Q83: =IF(N83=0,0,P83/N83)
A84: ORD-1082 | B84: 45654 | C84: 2024 | D84: Q4 | E84: Dec | F84: North | G84: Enterprise | H84: Partner | I84: Services | J84: Onboarding | K84: F. Shah | L84: 18 | M84: 400.13 | N84: =L84*M84 | O84: =N84*0.167 | P84: =N84-O84 | Q84: =IF(N84=0,0,P84/N84)
A85: ORD-1083 | B85: 45618 | C85: 2024 | D85: Q4 | E85: Nov | F85: West | G85: Mid-Market | H85: Partner | I85: Add-ons | J85: Analytics | K85: C. Mehta | L85: 1 | M85: 1562.94 | N85: =L85*M85 | O85: =N85*0.395 | P85: =N85-O85 | Q85: =IF(N85=0,0,P85/N85)
A86: ORD-1084 | B86: 45318 | C86: 2024 | D86: Q1 | E86: Jan | F86: West | G86: Mid-Market | H86: Direct | I86: Add-ons | J86: Support Plus | K86: E. Nair | L86: 8 | M86: 2108.65 | N86: =L86*M86 | O86: =N86*0.261 | P86: =N86-O86 | Q86: =IF(N86=0,0,P86/N86)
A87: ORD-1085 | B87: 45319 | C87: 2024 | D87: Q1 | E87: Jan | F87: North | G87: SMB | H87: Direct | I87: Subscriptions | J87: Starter | K87: E. Nair | L87: 37 | M87: 2388.08 | N87: =L87*M87 | O87: =N87*0.221 | P87: =N87-O87 | Q87: =IF(N87=0,0,P87/N87)
A88: ORD-1086 | B88: 45602 | C88: 2024 | D88: Q4 | E88: Nov | F88: West | G88: Mid-Market | H88: Partner | I88: Services | J88: Onboarding | K88: E. Nair | L88: 50 | M88: 1449.66 | N88: =L88*M88 | O88: =N88*0.153 | P88: =N88-O88 | Q88: =IF(N88=0,0,P88/N88)
A89: ORD-1087 | B89: 45448 | C89: 2024 | D89: Q2 | E89: Jun | F89: North | G89: SMB | H89: Self-serve | I89: Services | J89: Onboarding | K89: B. Khan | L89: 40 | M89: 2412.24 | N89: =L89*M89 | O89: =N89*0.371 | P89: =N89-O89 | Q89: =IF(N89=0,0,P89/N89)
A90: ORD-1088 | B90: 45333 | C90: 2024 | D90: Q1 | E90: Feb | F90: South | G90: SMB | H90: Partner | I90: Subscriptions | J90: Starter | K90: D. Iyer | L90: 12 | M90: 1514.38 | N90: =L90*M90 | O90: =N90*0.243 | P90: =N90-O90 | Q90: =IF(N90=0,0,P90/N90)
A91: ORD-1089 | B91: 45532 | C91: 2024 | D91: Q3 | E91: Aug | F91: East | G91: Enterprise | H91: Partner | I91: Add-ons | J91: Analytics | K91: A. Rao | L91: 15 | M91: 933.83 | N91: =L91*M91 | O91: =N91*0.244 | P91: =N91-O91 | Q91: =IF(N91=0,0,P91/N91)
A92: ORD-1090 | B92: 45427 | C92: 2024 | D92: Q2 | E92: May | F92: South | G92: Enterprise | H92: Direct | I92: Services | J92: Onboarding | K92: C. Mehta | L92: 28 | M92: 552.51 | N92: =L92*M92 | O92: =N92*0.202 | P92: =N92-O92 | Q92: =IF(N92=0,0,P92/N92)
A93: ORD-1091 | B93: 45328 | C93: 2024 | D93: Q1 | E93: Feb | F93: East | G93: Mid-Market | H93: Direct | I93: Subscriptions | J93: Starter | K93: D. Iyer | L93: 20 | M93: 1609.1 | N93: =L93*M93 | O93: =N93*0.243 | P93: =N93-O93 | Q93: =IF(N93=0,0,P93/N93)
A94: ORD-1092 | B94: 45650 | C94: 2024 | D94: Q4 | E94: Dec | F94: West | G94: SMB | H94: Self-serve | I94: Add-ons | J94: Support Plus | K94: A. Rao | L94: 33 | M94: 1487.96 | N94: =L94*M94 | O94: =N94*0.183 | P94: =N94-O94 | Q94: =IF(N94=0,0,P94/N94)
A95: ORD-1093 | B95: 45457 | C95: 2024 | D95: Q2 | E95: Jun | F95: North | G95: Enterprise | H95: Partner | I95: Services | J95: Training | K95: E. Nair | L95: 2 | M95: 500.92 | N95: =L95*M95 | O95: =N95*0.438 | P95: =N95-O95 | Q95: =IF(N95=0,0,P95/N95)
A96: ORD-1094 | B96: 45381 | C96: 2024 | D96: Q1 | E96: Mar | F96: East | G96: SMB | H96: Self-serve | I96: Add-ons | J96: Extra Seats | K96: D. Iyer | L96: 42 | M96: 1272.9 | N96: =L96*M96 | O96: =N96*0.26 | P96: =N96-O96 | Q96: =IF(N96=0,0,P96/N96)
A97: ORD-1095 | B97: 45543 | C97: 2024 | D97: Q3 | E97: Sep | F97: East | G97: Enterprise | H97: Direct | I97: Subscriptions | J97: Pro | K97: B. Khan | L97: 23 | M97: 1198.37 | N97: =L97*M97 | O97: =N97*0.351 | P97: =N97-O97 | Q97: =IF(N97=0,0,P97/N97)
A98: ORD-1096 | B98: 45647 | C98: 2024 | D98: Q4 | E98: Dec | F98: North | G98: Mid-Market | H98: Direct | I98: Add-ons | J98: Support Plus | K98: C. Mehta | L98: 43 | M98: 2379.43 | N98: =L98*M98 | O98: =N98*0.374 | P98: =N98-O98 | Q98: =IF(N98=0,0,P98/N98)
A99: ORD-1097 | B99: 45351 | C99: 2024 | D99: Q1 | E99: Feb | F99: West | G99: Mid-Market | H99: Direct | I99: Add-ons | J99: Extra Seats | K99: B. Khan | L99: 1 | M99: 1746.85 | N99: =L99*M99 | O99: =N99*0.294 | P99: =N99-O99 | Q99: =IF(N99=0,0,P99/N99)
A100: ORD-1098 | B100: 45610 | C100: 2024 | D100: Q4 | E100: Nov | F100: South | G100: Mid-Market | H100: Self-serve | I100: Add-ons | J100: Extra Seats | K100: B. Khan | L100: 29 | M100: 1971.98 | N100: =L100*M100 | O100: =N100*0.172 | P100: =N100-O100 | Q100: =IF(N100=0,0,P100/N100)
...

Sheet KPI Dashboard
B2: KPI Dashboard — SaaS / Software
B3: Actuals pull live from the Data sheet via SUMIFS/AVERAGEIF. Change the data and these move.
B5: KPI | C5: Actual | D5: Target | E5: Variance | F5: Variance % | G5: Status
B6: Total Revenue (ARR proxy) | C6: =SUM(Data!$N$2:$N$601) | D6: 4000000 | E6: =C6-D6 | F6: =IF(D6=0,0,(C6-D6)/D6) | G6: =IF(F6>=0,"On track",IF(F6>=-0.1,"Watch","Off track"))
B7: Gross Profit | C7: =SUM(Data!$P$2:$P$601) | D7: 2600000 | E7: =C7-D7 | F7: =IF(D7=0,0,(C7-D7)/D7) | G7: =IF(F7>=0,"On track",IF(F7>=-0.1,"Watch","Off track"))
B8: Gross Margin | C8: =AVERAGE(Data!$Q$2:$Q$601) | D8: 0.68 | E8: =C8-D8 | F8: =IF(D8=0,0,(C8-D8)/D8) | G8: =IF(F8>=0,"On track",IF(F8>=-0.1,"Watch","Off track"))
B9: New Customers | C9: =COUNTA(Data!$A$2:$A$601) | D9: 520 | E9: =C9-D9 | F9: =IF(D9=0,0,(C9-D9)/D9) | G9: =IF(F9>=0,"On track",IF(F9>=-0.1,"Watch","Off track"))

Sheet Matrix
B2: Matrix — Revenue by Region x Quarter (SUMIFS)
B3: A hand-built cross-tab. Every cell is a SUMIFS — the formula-driven cousin of a PivotTable.
B5: Region \ Quarter | C5: Q1 | D5: Q2 | E5: Q3 | F5: Q4 | G5: Total
B6: North | C6: =SUMIFS(Data!$N$2:$N$601,Data!$F$2:$F$601,$B6,Data!$D$2:$D$601,C$5) | D6: =SUMIFS(Data!$N$2:$N$601,Data!$F$2:$F$601,$B6,Data!$D$2:$D$601,D$5) | E6: =SUMIFS(Data!$N$2:$N$601,Data!$F$2:$F$601,$B6,Data!$D$2:$D$601,E$5) | F6: =SUMIFS(Data!$N$2:$N$601,Data!$F$2:$F$601,$B6,Data!$D$2:$D$601,F$5) | G6: =SUM(C6:F6)
B7: South | C7: =SUMIFS(Data!$N$2:$N$601,Data!$F$2:$F$601,$B7,Data!$D$2:$D$601,C$5) | D7: =SUMIFS(Data!$N$2:$N$601,Data!$F$2:$F$601,$B7,Data!$D$2:$D$601,D$5) | E7: =SUMIFS(Data!$N$2:$N$601,Data!$F$2:$F$601,$B7,Data!$D$2:$D$601,E$5) | F7: =SUMIFS(Data!$N$2:$N$601,Data!$F$2:$F$601,$B7,Data!$D$2:$D$601,F$5) | G7: =SUM(C7:F7)
B8: East | C8: =SUMIFS(Data!$N$2:$N$601,Data!$F$2:$F$601,$B8,Data!$D$2:$D$601,C$5) | D8: =SUMIFS(Data!$N$2:$N$601,Data!$F$2:$F$601,$B8,Data!$D$2:$D$601,D$5) | E8: =SUMIFS(Data!$N$2:$N$601,Data!$F$2:$F$601,$B8,Data!$D$2:$D$601,E$5) | F8: =SUMIFS(Data!$N$2:$N$601,Data!$F$2:$F$601,$B8,Data!$D$2:$D$601,F$5) | G8: =SUM(C8:F8)
B9: West | C9: =SUMIFS(Data!$N$2:$N$601,Data!$F$2:$F$601,$B9,Data!$D$2:$D$601,C$5) | D9: =SUMIFS(Data!$N$2:$N$601,Data!$F$2:$F$601,$B9,Data!$D$2:$D$601,D$5) | E9: =SUMIFS(Data!$N$2:$N$601,Data!$F$2:$F$601,$B9,Data!$D$2:$D$601,E$5) | F9: =SUMIFS(Data!$N$2:$N$601,Data!$F$2:$F$601,$B9,Data!$D$2:$D$601,F$5) | G9: =SUM(C9:F9)
B10: Total | C10: =SUM(C6:C9) | D10: =SUM(D6:D9) | E10: =SUM(E6:E9) | F10: =SUM(F6:F9) | G10: =SUM(G6:G9)

Sheet PivotTable
B2: PivotTable + Slicer (native Excel)
B3: Two ways to get a real, native PivotTable off the SalesData table — pick either.
B5: Option A — 3 clicks (any Excel)
B6: 1. Go to the Data sheet and click any cell inside the blue SalesData table.
B7: 2. Insert ▸ PivotTable ▸ put it on a New Worksheet ▸ OK.
B8: 3. Drag Category → Rows, Quarter → Columns, Revenue → Values, Region → Filters.
B9: Then PivotTable Analyze ▸ Insert Slicer ▸ tick Region for a click-to-filter slicer.
B11: Option B — one-click macro (Windows/Mac Excel with macros)
B12: 1. Press Alt+F11 to open the VBA editor.
B13: 2. File ▸ Import File… ▸ choose scripts/BuildPivot.bas (ships alongside this workbook).
B14: 3. Press F5 (or Developer ▸ Macros ▸ BuildPivot ▸ Run).
B15: It builds the PivotTable AND a Region slicer automatically.
B17: Tip: the SUMIFS Matrix sheet is the same cross-tab as a formula — compare the two.

Sheet Cheat Sheet
B2: Formula cheat-sheet
B3: The handful of formulas that do 90% of analyst work in Excel.
B5: Concept | C5: Formula pattern | D5: What it does
B6: Row math | C6: =Units * UnitPrice | D6: Revenue per row. Keep raw math on the Data sheet.
B7: Margin | C7: =IF(Revenue=0, 0, Profit / Revenue) | D7: Guard against divide-by-zero with IF.
B8: Conditional sum | C8: =SUMIFS(Revenue, Region, "North", Quarter, "Q1") | D8: The workhorse. Sum one column filtered by others — powers the Matrix.
B9: Conditional count | C9: =COUNTIFS(Segment, "Enterprise") | D9: Count rows meeting criteria (e.g. number of deals).
B10: Variance % | C10: =(Actual - Target) / Target | D10: How far actual is from target. Format as %.
B11: RAG status | C11: =IF(Var>=0,"On track",IF(Var>=-0.1,"Watch","Off track")) | D11: Traffic-light logic via nested IF; colour with conditional formatting.
B12: Lookup | C12: =XLOOKUP(key, lookup_col, return_col) | D12: Modern replacement for VLOOKUP — no column-index counting.
B13: Dynamic total | C13: =SUM(Table[Revenue]) | D13: Structured reference — grows automatically as the table grows.
B14: Ranking | C14: =RANK.EQ(value, range) | D14: Rank reps / products without sorting the data.
B17: Built for a SaaS / Software dataset — swap in your own numbers on the Data sheet and everything recalculates.
